 Dungeon Crawl Stone Soup version 0.19-a0-1225-gf887c1c (webtiles) character file.

72 Duffy the Shield-Bearer (level 4, 39/39 HPs)
             Began as a Minotaur Fighter on Aug 25, 2016.
             Quit the game on level 2 of the Dungeon.
             The game lasted 00:01:06 (1062 turns).

Duffy the Shield-Bearer (Minotaur Fighter)          Turns: 1062, Time: 00:01:06

Health: 39/39      AC:  6    Str: 22    XL:     4   Next: 6%
Magic:  3/3        EV:  7    Int:  5    God:
Gold:   49         SH: 10    Dex:  9    Spells: 0 memorised, 3 levels left

rFire  . . .     SeeInvis .     a - +0 flail
rCold  . . .     Gourm    .     b - +0 scale mail
rNeg   . . .     Faith    .     c - +0 shield
rPois  .         Spirit   .     (helmet restricted)
rElec  .         Dismiss  .     (no cloak)
rCorr  .         Reflect  .     (no gloves)
MR     .....     Harm     .     (no boots)
Stlth  ..........               (no amulet)
                                (no ring)
                                (no ring)

@: no status effects
A: retaliatory headbutt, horns 2
a: no special abilities


You were on level 2 of the Dungeon.
You were hungry.

You visited 1 branch of the dungeon, and saw 2 of its levels.

You collected 49 gold pieces.

Inventory:

Hand Weapons
 a - a +0 flail (weapon)
Armour
 b - a +0 scale mail (worn)
 c - a +0 shield (worn)
Scrolls
 e - a scroll of noise {unknown}
 g - 2 scrolls of enchant armour {unknown}
 i - a scroll of blinking {unknown}
 k - 3 scrolls of identify {unknown}
 l - a scroll of random uselessness {unknown}
Potions
 d - a potion of might
 h - a potion of magic {unknown}
 j - a potion of lignification {unknown}
 m - a potion of curing {unknown}
 n - a potion of heal wounds {unknown}
Comestibles
 f - 2 bread rations


   Skills:
 - Level 3.6 Fighting
 + Level 4.0 Maces & Flails
 - Level 3.6 Armour
 + Level 5.0 Shields


You had 3 spell levels left.
You didn't know any spells.

Dungeon Overview and Level Annotations

Branches:
Dungeon (2/15)

Altars:


Innate Abilities, Weirdness & Mutations

You reflexively headbutt those who attack you in melee.
You have a pair of horns on your head.


Message History

You hit the hobgoblin.
You kill the hobgoblin!
No target in view!
No target in view!
No target in view!
No target in view!
No target in view!
No target in view!
No target in view!
No target in view!
No target in view!
No target in view!
No target in view!
Items here: %% ) [ a flail; a scale mail; the human corpse of Terence; a hobgoblin corpse You are feeling hungry.
Things that are here:
a club; a hobgoblin corpse
n - a brown potion Are you sure you want to abandon this character and quit the game? (Confirm with "yes".)

.............##
...............#
...............#
...............#
...............# #
.........(.....#.#
.................#.#
..............####.#
.......@))....# #..#
.....##.%.....##...#
#
........#........#.#
.
...>.##.###......#.#
##. ...
##..........#.# #..
.. .............#.#
#.. .
.######...####.###..
..................
###.#.....##.##...


There were no monsters in sight!

Vanquished Creatures
  Terence (D:2)
  An adder (D:2)
  A worm (D:2)
  A dart slug (D:1)
  A giant cockroach (D:2)
  6 goblins
  6 hobgoblins
  2 jackals (D:1)
  A quokka (D:2)
  3 giant newts
  3 kobolds
  5 rats
31 creatures vanquished.

Vanquished Creatures (others)
  A goblin (D:1)
1 creature vanquished.

Grand Total: 32 creatures vanquished

Notes
Turn   | Place    | Note
-------+----------+-------------------------------------------
     0 | D:1      | Duffy the Minotaur Fighter began the quest for the Orb.
     0 | D:1      | Reached XP level 1. HP: 19/19 MP: 0/0
   114 | D:1      | Reached skill level 4 in Shields
   114 | D:1      | Reached XP level 2. HP: 26/26 MP: 1/1
   821 | D:2      | Reached XP level 3. HP: 24/31 MP: 2/2
   984 | D:2      | Noticed Terence
   993 | D:2      | Killed Terence
   993 | D:2      | Reached skill level 5 in Shields
   993 | D:2      | Reached XP level 4. HP: 31/39 MP: 3/3
  1062 | D:2      | Quit the game

Vault maps used:
D:1:      scummos_arrival_simple_fountains, lemuel_flame_loot_1
D:2:      uniq_natasha, uniq_jessica, uniq_terence

Skill      XL: |  1  2  3 |
---------------+----------+-----
Shields        | 4 5 |  5.0
Maces & Flails | 3 4 |  4.0
Fighting       | |  3.6
Armour         | |  3.6

Action                   |  1- 3 |  4- 6 || total
-------------------------+-------+-------++-------
Melee: Flail             |    65 |     2 ||    67
       Headbutt          |     7 |     1 ||     8
Armor: Scale mail        |    30 |       ||    30
Dodge: Dodged            |    20 |     1 ||    21
Block: Shield            |    32 |     2 ||    34
